WCHLSIM.com - West Coast Hockey League
html PUBLIC "-//W3C//DTD XHTML 1.0 Transitional//EN" "http://www.w3.org/TR/xhtml1/DTD/xhtml1-transitional.dtd"> WCHL - Game 1239 - SASKATOON DUCKS vs SAN FRANCISCO SPIDERS

SASKATOON DUCKS vs SAN FRANCISCO SPIDERS

Created - 14 avril 2024 at 20:54

Goals
1 2 3 T
SASKATOON DUCKS 0 0 0 0
SAN FRANCISCO SPIDERS 3 0 1 4
Shots
1 2 3 T
SASKATOON DUCKS 11 9 4 24
SAN FRANCISCO SPIDERS 11 10 9 30

1st period

1. SAN FRANCISCO SPIDERS , Bo Horvat 41 (Jared McCann 35, Brock Faber 16) at 3:26
2. SAN FRANCISCO SPIDERS , Jared McCann 26 (Viktor Arvidsson 29, Bo Horvat 54) at 7:16
3. SAN FRANCISCO SPIDERS , Jared McCann 27 (Michael Anderson 12) at 15:24

Penalties :
Brenden Dillon (SAF) for Hooking (Minor) at 0:29, Jacob Middleton (SAF) for Hooking (Minor) at 12:49, Ivan Barbashev (SAS) for Boarding (Minor) at 17:05

2nd period

No Goal

Penalties :
Ivan Barbashev (SAS) for Goalie Interference (Minor) at 4:56, Jaycob Megna (SAS) for Hooking (Minor) at 12:17, Jacob Middleton (SAF) for Roughing (Minor) at 14:29, Ryan Strome (SAS) for Roughing (Minor) at 19:08

3rd period

4. SAN FRANCISCO SPIDERS , Jared McCann 28 (Viktor Arvidsson 30, Bo Horvat 55) at 6:18

Penalties :
Samuel Girard (SAS) for Slashing (Minor) at 7:05, Darnell Nurse (SAF) for Roughing (Minor) at 11:02

Goalie Stats

Craig Anderson (SAS), 4 saves from 4 shots - (1,000), 13:42 minutes
Tristan Jarry (SAS), 22 saves from 26 shots - (0,846), L, 36-25-5, 46:18 minutes
Igor Shesterkin (SAF), 24 saves from 24 shots - (1,000), W, 47-19-3, 60:00 minutes

Players Stats for SASKATOON DUCKS

Player Name              G  A  P  +/- PIM S  H  SB GA TA FO     MP     PP MP  PK MP  
------------------------------------------------------------------------------------
Ben Chiarot              0  0  0  -1  0   0  2  3  0  0  0/0    22:14   3:22   5:00 
Chris Tanev              0  0  0  -1  0   2  0  4  0  0  0/0    22:05   3:22   5:46 
Ivan Barbashev           0  0  0  -2  4   1  2  1  0  0  0/1    21:55   4:00   3:45 
Jake Guentzel            0  0  0  -2  0   3  1  1  0  0  0/2    23:41   3:56   3:38 
Jake Sanderson           0  0  0  -1  0   3  1  0  0  0  0/0    21:53   4:34   0:28 
Jaycob Megna             0  0  0  -2  2   0  0  3  0  0  0/0    15:36   0:00   4:11 
John Tavares             0  0  0  -1  0   3  0  0  0  0  19/35  22:45   4:00   5:26 
Kailer Yamamoto          0  0  0  -1  0   2  2  0  0  0  0/1    17:15   3:56   0:00 
Kasperi Kapanen          0  0  0  -1  0   2  0  0  0  0  0/1    12:43   0:00   0:00 
Marian Studenic          0  0  0   0  0   0  0  0  0  0  0/0     0:00   0:00   0:00 
Matt Martin              0  0  0  -1  0   1  1  0  0  0  1/1    12:43   0:00   0:00 
Milan Lucic              0  0  0   0  0   0  0  0  0  0  0/0     3:49   0:00   1:54 
Nikita Zaitsev           0  0  0  -2  0   0  1  2  0  0  0/0    16:46   0:00   4:25 
Nils Aman                0  0  0  -1  0   3  0  0  0  0  4/10   12:43   0:00   0:00 
Robert Hagg              0  0  0   0  0   0  0  0  0  0  0/0     0:00   0:00   0:00 
Ryan Strome              0  0  0  -1  2   2  1  0  0  0  3/5    20:16   4:00   1:03 
Samuel Girard            0  0  0  -1  2   1  1  3  0  0  0/0    21:24   4:34   0:00 
Sidney Crosby            0  0  0  -2  0   1  1  0  0  0  12/24  22:12   3:56   4:04 

Players Stats for SAN FRANCISCO SPIDERS

Player Name              G  A  P  +/- PIM S  H  SB GA TA FO     MP     PP MP  PK MP  
------------------------------------------------------------------------------------
Andrei Svechnikov        0  0  0   0  0   0  0  0  0  0  0/3    15:01   0:34   0:00 
Bo Horvat                1  2  3   4  0   6  0  0  0  0  21/34  24:43   7:07   4:24 
Brady Tkachuk            0  0  0   0  0   3  5  0  0  0  1/3    19:59   5:32   0:00 
Brenden Dillon           0  0  0   1  2   0  2  1  0  0  0/0    20:24   4:27   3:27 
Brock Faber              0  1  1   3  0   0  0  0  0  0  0/0    23:45   5:28   2:57 
Dakota Joshua            0  0  0   0  0   0  2  0  0  0  0/2     4:07   0:00   0:00 
Darnell Nurse            0  0  0   1  2   4  0  4  0  0  0/0    24:19   5:46   3:24 
Eeli Tolvanen            0  0  0   0  0   3  0  0  0  0  0/0     4:07   0:00   0:00 
Erik Gudbranson          0  0  0   0  0   1  0  0  0  0  0/0    16:16   0:00   1:58 
Jack Roslovic            0  0  0   0  0   0  0  0  0  0  1/2    17:25   2:32   4:30 
Jacob Middleton          0  0  0   0  4   0  1  2  0  0  0/0    14:53   0:16   0:21 
Jared McCann             3  1  4   4  0   4  1  0  0  0  0/0    17:35   4:23   0:00 
Michael Anderson         0  1  1   3  0   1  1  1  0  0  0/0    20:19   3:53   3:45 
Nick Bjugstad            0  0  0   0  0   3  3  1  0  0  7/12   17:38   3:49   3:26 
Ondrej Palat             0  0  0   0  0   2  0  0  0  0  0/1    10:23   0:00   0:00 
Sam Lafferty             0  0  0   0  0   1  0  0  0  0  0/0     4:07   0:00   0:00 
Sebastian Aho            0  0  0   0  0   1  0  0  0  0  11/22  18:15   0:16   3:32 
Viktor Arvidsson         0  2  2   4  0   1  0  0  0  0  0/1    18:44   5:32   0:00 

3 Stars

1 - Jared McCann (SAF)
2 - Bo Horvat (SAF)
3 - Igor Shesterkin (SAF)

Power Play

SASKATOON DUCKS - 0 on 4 Attempt(s) - 0,00%
SAN FRANCISCO SPIDERS - 0 on 5 Attempt(s) - 0,00%

Penalty Kill

SASKATOON DUCKS - 5 on 5 Attempt(s) - 100,00% - Score 0 goal in Penalty Kill
SAN FRANCISCO SPIDERS - 4 on 4 Attempt(s) - 100,00% - Score 0 goal in Penalty Kill

Team Stat

SASKATOON DUCKS - Hits : 13 - Faceoff Wins : 39 - Blocked Shots : 17 - Penalty Minutes : 10
SAN FRANCISCO SPIDERS - Hits : 15 - Faceoff Wins : 41 - Blocked Shots : 9 - Penalty Minutes : 8

Official

Referees : TJ Luxmore and Brett Roeland
Linesman : Brandon Gawryletz and Steve Barton

Game Notes

Jared McCann has scored a Hat Trick!
Craig Anderson enters game at 6:18 of 3rd period

Finance

Level 1 -- Attendance: 6105 (100,00%) -- Ticket Income 915 750 $
Level 2 -- Attendance: 5076 (97,99%) -- Ticket Income 507 600 $
Level 3 -- Attendance: 2035 (100,00%) -- Ticket Income 162 800 $
Level 4 -- Attendance: 4180 (100,00%) -- Ticket Income 250 800 $
Luxury Box -- Attendance: 1000 (100,00%) -- Ticket Income 300 000 $
Game was played at the Bay Area Sports Center.
Total Attendance: 18396 (99,44%)
Total Ticket Income: 2 136 950 $
Other Expense: 21 370 $
Total Income: 2 115 580 $

SASKATOON DUCKS

5 vs 5 Forward 
   Center                   Left Wing                Right Wing               Time % Phy DF OF 
 1 Sidney Crosby            Ivan Barbashev           Jake Guentzel            39     1   2  2  
 2 John Tavares             Kailer Yamamoto          Ryan Strome              38     1   2  2  
 3 Nils Aman                Matt Martin              Kasperi Kapanen          18     1   2  2  
 4 Ryan Strome              Milan Lucic              Jake Guentzel            5      1   2  2  

5 vs 5 Defense 
   Defense                  Defense                                           Time % Phy DF OF 
 1 Samuel Girard            Jake Sanderson                                    36     1   2  2  
 2 Ben Chiarot              Chris Tanev                                       31     1   2  2  
 3 Nikita Zaitsev           Jaycob Megna                                      23     1   2  2  
 4 Samuel Girard            Jake Sanderson                                    10     1   2  2  

PowerPlay Forward 
   Center                   Left Wing                Right Wing               Time % Phy DF OF 
 1 Sidney Crosby            Kailer Yamamoto          Jake Guentzel            55     1   2  2  
 2 John Tavares             Ivan Barbashev           Ryan Strome              45     1   2  2  

PowerPlay Defense
   Defense                  Defense                                           Time % Phy DF OF 
 1 Samuel Girard            Jake Sanderson                                    55     1   2  2  
 2 Ben Chiarot              Chris Tanev                                       45     1   2  2  

Penalty Kill 4 Players Forward 
   Center                   Wing                     Time % Phy DF OF 
 1 John Tavares             Ivan Barbashev           55     1   2  2  
 2 Sidney Crosby            Jake Guentzel            45     1   2  2  

Penalty Kill 4 Players Defense
   Defense                  Defense                  Time % Phy DF OF 
 1 Ben Chiarot              Chris Tanev              55     1   2  2  
 2 Jaycob Megna             Nikita Zaitsev           45     1   2  2  

Penalty Kill - 3 Players Forward 
   Forward                                           Time % Phy DF OF 
 1 Sidney Crosby                                     55     1   2  2  
 2 John Tavares                                      45     1   2  2  

Penalty Kill - 3 Players Defense
   Defense                  Defense                  Time % Phy DF OF 
 1 Samuel Girard            Jake Sanderson           55     1   2  2  
 2 Ben Chiarot              Chris Tanev              45     1   2  2  

4 vs 4 Forward 
   Center                   Wing                     Time % Phy DF OF 
 1 Sidney Crosby            Jake Guentzel            55     1   2  2  
 2 John Tavares             Ryan Strome              45     1   2  2  

4 vs 4 Defense
   Defense                  Defense                  Time % Phy DF OF 
 1 Samuel Girard            Jake Sanderson           55     1   2  2  
 2 Ben Chiarot              Chris Tanev              45     1   2  2  

Last Minutes Offensive
   Center                   Left Wing                Right Wing               Defense                  Defense                  
   Sidney Crosby            John Tavares             Jake Guentzel            Samuel Girard            Jake Sanderson           

Last Minutes Defensive
   Center                   Left Wing                Right Wing               Defense                  Defense                  
   Sidney Crosby            John Tavares             Jake Guentzel            Samuel Girard            Jake Sanderson           

Goaltenders
Starting : Tristan Jarry            
Backup : Craig Anderson           

Extra Forwards
Normal : John Tavares, Ryan Strome, Ivan Barbashev - PP : John Tavares, Ryan Strome - PK : Ryan Strome
Extra Defensemen
Normal : Jake Sanderson, Samuel Girard, Ben Chiarot - PP : Chris Tanev - PK : Chris Tanev, Ben Chiarot
Penalty Shots
Sidney Crosby, John Tavares, Jake Guentzel, Ivan Barbashev, Ryan Strome
Custom OT Lines Forwards
Sidney Crosby, John Tavares, Jake Guentzel, Ivan Barbashev, Kailer Yamamoto, Ryan Strome, Nils Aman, Kasperi Kapanen, Milan Lucic, Matt Martin
Custom OT Lines Defensemen
Samuel Girard, Jake Sanderson, Ben Chiarot, Jaycob Megna, Chris Tanev

Scratches
Mathieu Joseph (Right Leg Injury)

SAN FRANCISCO SPIDERS

5 vs 5 Forward 
   Center                   Left Wing                Right Wing               Time % Phy DF OF 
 1 Sebastian Aho            Brady Tkachuk            Andrei Svechnikov        37     0   1  4  
 2 Bo Horvat                Jared McCann             Viktor Arvidsson         37     0   1  4  
 3 Nick Bjugstad            Ondrej Palat             Jack Roslovic            23     0   3  2  
 4 Dakota Joshua            Sam Lafferty             Eeli Tolvanen            3      0   5  0  

5 vs 5 Defense 
   Defense                  Defense                                           Time % Phy DF OF 
 1 Darnell Nurse            Brenden Dillon                                    38     0   4  1  
 2 Michael Anderson         Brock Faber                                       37     0   4  1  
 3 Erik Gudbranson          Jacob Middleton                                   15     0   5  0  
 4 Darnell Nurse            Brock Faber                                       10     0   4  1  

PowerPlay Forward 
   Center                   Left Wing                Right Wing               Time % Phy DF OF 
 1 Bo Horvat                Brady Tkachuk            Viktor Arvidsson         60     0   1  4  
 2 Bo Horvat                Jared McCann             Nick Bjugstad            40     0   1  4  

PowerPlay Defense
   Defense                  Defense                                           Time % Phy DF OF 
 1 Darnell Nurse            Brock Faber                                       60     0   1  4  
 2 Michael Anderson         Brenden Dillon                                    40     0   1  4  

Penalty Kill 4 Players Forward 
   Center                   Wing                     Time % Phy DF OF 
 1 Bo Horvat                Jack Roslovic            55     0   5  0  
 2 Sebastian Aho            Nick Bjugstad            45     0   5  0  

Penalty Kill 4 Players Defense
   Defense                  Defense                  Time % Phy DF OF 
 1 Darnell Nurse            Brenden Dillon           55     0   5  0  
 2 Brock Faber              Michael Anderson         45     0   5  0  

Penalty Kill - 3 Players Forward 
   Forward                                           Time % Phy DF OF 
 1 Jack Roslovic                                     55     0   5  0  
 2 Bo Horvat                                         45     0   5  0  

Penalty Kill - 3 Players Defense
   Defense                  Defense                  Time % Phy DF OF 
 1 Darnell Nurse            Brenden Dillon           55     0   5  0  
 2 Brock Faber              Michael Anderson         45     0   5  0  

4 vs 4 Forward 
   Center                   Wing                     Time % Phy DF OF 
 1 Bo Horvat                Jared McCann             55     1   2  2  
 2 Jack Roslovic            Viktor Arvidsson         45     1   2  2  

4 vs 4 Defense
   Defense                  Defense                  Time % Phy DF OF 
 1 Darnell Nurse            Brenden Dillon           55     1   2  2  
 2 Michael Anderson         Brock Faber              45     1   2  2  

Last Minutes Offensive
   Center                   Left Wing                Right Wing               Defense                  Defense                  
   Bo Horvat                Sebastian Aho            Viktor Arvidsson         Darnell Nurse            Brenden Dillon           

Last Minutes Defensive
   Center                   Left Wing                Right Wing               Defense                  Defense                  
   Bo Horvat                Sebastian Aho            Viktor Arvidsson         Darnell Nurse            Brenden Dillon           

Goaltenders
Starting : Igor Shesterkin          
Backup : Kevin Lankinen           

Extra Forwards
Normal : Bo Horvat, Sebastian Aho, Jared McCann - PP : Viktor Arvidsson, Jack Roslovic - PK : Bo Horvat
Extra Defensemen
Normal : Darnell Nurse, Brock Faber, Brenden Dillon - PP : Michael Anderson - PK : Darnell Nurse, Erik Gudbranson
Penalty Shots
Brady Tkachuk, Bo Horvat, Jared McCann, Viktor Arvidsson, Andrei Svechnikov
Custom OT Lines Forwards
Sebastian Aho, Bo Horvat, Brady Tkachuk, Jared McCann, Andrei Svechnikov, Nick Bjugstad, Viktor Arvidsson, Ondrej Palat, Dakota Joshua, Eeli Tolvanen
Custom OT Lines Defensemen
Darnell Nurse, Brock Faber, Brenden Dillon, Erik Gudbranson, Michael Anderson

Scratches
Justin Brazeau (Healthy), Sean Durzi (Fractured Left Foot Injury), Zach Hyman (Bruised Left Leg Injury)

% Time on Ice - SASKATOON DUCKS

Lines # - Real PCT - Wanted PCT - Time Play
Normal Forward
1 - 34% - 39% - 14:12
2 - 32% - 38% - 13:19
3 - 30% - 18% - 12:43
4 - 5% - 5% - 1:55
Normal Defense
1 - 38% - 36% - 15:49
2 - 31% - 31% - 12:57
3 - 29% - 23% - 12:21
4 - 2% - 10% - 1:02
PP Forward
1 - 50% - 55% - 3:56
2 - 50% - 45% - 4:00
PP Defense
1 - 58% - 55% - 4:34
2 - 42% - 45% - 3:22
PK Forward
1 - 71% - 55% - 7:03
2 - 29% - 45% - 2:52
PK Defense
1 - 47% - 55% - 4:42
2 - 53% - 45% - 5:13
PK3 Forward
1 - 0% - 55%
2 - 0% - 45%
PK3 Defense
1 - 0% - 55%
2 - 0% - 45%
44 Forward
1 - 0% - 55%
2 - 0% - 45%
44 Defense
1 - 0% - 55%
2 - 0% - 45%
Last Minute Offensive  - 0:00
Last Minute Defensive  - 0:00
Total
Forward - 60:00
Defense - 60:00

% Time on Ice - SAN FRANCISCO SPIDERS

Lines # - Real PCT - Wanted PCT - Time Play
Normal Forward
1 - 34% - 37% - 14:27
2 - 31% - 37% - 13:12
3 - 25% - 23% - 10:23
4 - 10% - 3% - 4:07
Normal Defense
1 - 30% - 38% - 12:31
2 - 30% - 37% - 12:41
3 - 34% - 15% - 14:18
4 - 6% - 10% - 2:39
PP Forward
1 - 56% - 60% - 5:32
2 - 44% - 40% - 4:23
PP Defense
1 - 61% - 60% - 6:02
2 - 39% - 40% - 3:53
PK Forward
1 - 57% - 55% - 4:30
2 - 43% - 45% - 3:26
PK Defense
1 - 63% - 55% - 4:59
2 - 37% - 45% - 2:57
PK3 Forward
1 - 0% - 55%
2 - 0% - 45%
PK3 Defense
1 - 0% - 55%
2 - 0% - 45%
44 Forward
1 - 0% - 55%
2 - 0% - 45%
44 Defense
1 - 0% - 55%
2 - 0% - 45%
Last Minute Offensive  - 0:00
Last Minute Defensive  - 0:00
Total
Forward - 60:00
Defense - 60:00

Play-by-Play

1st period


0:01 of 1st period - Sebastian Aho wins face-off versus Ivan Barbashev in neutral zone.
0:29 of 1st period - Minor Penalty to Brenden Dillon for Hooking.
0:30 of 1st period - John Tavares wins face-off versus Bo Horvat in SAN FRANCISCO SPIDERS zone.
2:29 of 1st period - Icing by Brock Faber.
2:30 of 1st period - Nils Aman wins face-off versus Dakota Joshua in SAN FRANCISCO SPIDERS zone.
2:31 of 1st period - Shot by Kasperi Kapanen.
2:31 of 1st period - Stopped by Igor Shesterkin without a rebound.
2:32 of 1st period - Nils Aman wins face-off versus Dakota Joshua in SAN FRANCISCO SPIDERS zone.
2:45 of 1st period - Shot by Nils Aman.
2:45 of 1st period - Stopped by Igor Shesterkin with a rebound.
2:47 of 1st period - Shot by Ben Chiarot.
2:47 of 1st period - Shot Misses the Net.
2:49 of 1st period - Shot by Matt Martin.
2:49 of 1st period - Stopped by Igor Shesterkin without a rebound.
2:50 of 1st period - John Tavares wins face-off versus Viktor Arvidsson in SAN FRANCISCO SPIDERS zone.
3:26 of 1st period - Shot by Bo Horvat.
3:26 of 1st period - Goal by Bo Horvat - SASKATOON DUCKS : 0 - SAN FRANCISCO SPIDERS : 1.
3:27 of 1st period - Sidney Crosby wins face-off versus Nick Bjugstad in neutral zone.
4:01 of 1st period - Shot by Nick Bjugstad.
4:01 of 1st period - Stopped by Tristan Jarry without a rebound.
4:02 of 1st period - Nils Aman wins face-off versus Sebastian Aho in SASKATOON DUCKS zone.
4:09 of 1st period - Shot by Nils Aman.
4:09 of 1st period - Stopped by Igor Shesterkin without a rebound.
4:10 of 1st period - Bo Horvat wins face-off versus Nils Aman in SAN FRANCISCO SPIDERS zone.
4:17 of 1st period - Shot by Bo Horvat.
4:17 of 1st period - Shot Blocked by Samuel Girard.
4:19 of 1st period - Shot by Bo Horvat.
4:19 of 1st period - Stopped by Tristan Jarry without a rebound.
4:20 of 1st period - John Tavares wins face-off versus Sebastian Aho in SASKATOON DUCKS zone.
4:20 of 1st period - Jake Sanderson is hit by Brady Tkachuk and loses puck.
4:31 of 1st period - Darnell Nurse is hit by Ryan Strome and loses puck.
4:51 of 1st period - Shot by John Tavares.
4:51 of 1st period - Shot Misses the Net.
5:03 of 1st period - Shot by John Tavares.
5:03 of 1st period - Shot Hit the Post.
5:05 of 1st period - Shot by Jake Sanderson.
5:05 of 1st period - Shot Misses the Net.
5:22 of 1st period - Icing by Ben Chiarot.
5:23 of 1st period - Sidney Crosby wins face-off versus Bo Horvat in SASKATOON DUCKS zone.
5:29 of 1st period - Off-side.
5:30 of 1st period - Bo Horvat wins face-off versus Sidney Crosby in neutral zone.
5:55 of 1st period - Icing by Michael Anderson.
5:56 of 1st period - Bo Horvat wins face-off versus John Tavares in SAN FRANCISCO SPIDERS zone.
6:18 of 1st period - Shot by Viktor Arvidsson.
6:18 of 1st period - Shot Blocked by Chris Tanev.
6:20 of 1st period - Shot by Michael Anderson.
6:20 of 1st period - Stopped by Tristan Jarry without a rebound.
6:21 of 1st period - Sidney Crosby wins face-off versus Nick Bjugstad in SASKATOON DUCKS zone.
6:21 of 1st period - Sidney Crosby is hit by Nick Bjugstad.
6:45 of 1st period - Shot by Ondrej Palat.
6:45 of 1st period - Stopped by Tristan Jarry without a rebound.
6:46 of 1st period - Sebastian Aho wins face-off versus John Tavares in SASKATOON DUCKS zone.
7:01 of 1st period - Shot by John Tavares.
7:01 of 1st period - Stopped by Igor Shesterkin without a rebound.
7:02 of 1st period - Bo Horvat wins face-off versus Nils Aman in SAN FRANCISCO SPIDERS zone.
7:02 of 1st period - Bo Horvat is hit by Matt Martin.
7:12 of 1st period - Shot by Bo Horvat.
7:12 of 1st period - Shot Blocked by Samuel Girard.
7:14 of 1st period - Shot by Viktor Arvidsson.
7:14 of 1st period - Shot Hit the Post.
7:16 of 1st period - Shot by Jared McCann.
7:16 of 1st period - Goal by Jared McCann - SASKATOON DUCKS : 0 - SAN FRANCISCO SPIDERS : 2.
7:17 of 1st period - Sidney Crosby wins face-off versus Brady Tkachuk in neutral zone.
7:47 of 1st period - Shot by Brady Tkachuk.
7:47 of 1st period - Shot Misses the Net.
7:52 of 1st period - Icing by Jaycob Megna.
7:53 of 1st period - Bo Horvat wins face-off versus Jake Guentzel in SASKATOON DUCKS zone.
9:12 of 1st period - Off-side.
9:13 of 1st period - Matt Martin wins face-off versus Andrei Svechnikov in neutral zone.
9:43 of 1st period - Chris Tanev is hit by Brady Tkachuk and loses puck.
10:12 of 1st period - Shot by Jake Guentzel.
10:12 of 1st period - Shot Blocked by Darnell Nurse.
10:14 of 1st period - Shot by Samuel Girard.
10:14 of 1st period - Shot Blocked by Darnell Nurse.
10:16 of 1st period - Shot by Samuel Girard.
10:16 of 1st period - Shot Misses the Net.
10:26 of 1st period - Icing by Sebastian Aho.
10:27 of 1st period - John Tavares wins face-off versus Sebastian Aho in SAN FRANCISCO SPIDERS zone.
10:31 of 1st period - John Tavares is hit by Brenden Dillon and loses puck.
10:38 of 1st period - Shot by Kailer Yamamoto.
10:38 of 1st period - Stopped by Igor Shesterkin without a rebound.
10:39 of 1st period - Nick Bjugstad wins face-off versus Sidney Crosby in SAN FRANCISCO SPIDERS zone.
10:49 of 1st period - Shot by Ondrej Palat.
10:49 of 1st period - Shot Blocked by Ben Chiarot.
10:55 of 1st period - Shot by Ondrej Palat.
10:55 of 1st period - Shot Blocked by Ivan Barbashev.
10:57 of 1st period - Shot by Ondrej Palat.
10:57 of 1st period - Stopped by Tristan Jarry without a rebound.
10:58 of 1st period - Bo Horvat wins face-off versus Kasperi Kapanen in SASKATOON DUCKS zone.
11:20 of 1st period - Shot by Jared McCann.
11:20 of 1st period - Shot Misses the Net.
11:26 of 1st period - Shot by Kasperi Kapanen.
11:26 of 1st period - Shot Misses the Net.
11:28 of 1st period - Shot by Kasperi Kapanen.
11:28 of 1st period - Shot Misses the Net.
11:30 of 1st period - Shot by Jake Sanderson.
11:30 of 1st period - Stopped by Igor Shesterkin with a rebound.
12:18 of 1st period - Off-side.
12:19 of 1st period - Nick Bjugstad wins face-off versus Sidney Crosby in neutral zone.
12:35 of 1st period - Sidney Crosby is hit by Jacob Middleton and loses puck.
12:49 of 1st period - Minor Penalty to Jacob Middleton for Hooking.
12:50 of 1st period - Bo Horvat wins face-off versus John Tavares in SAN FRANCISCO SPIDERS zone.
13:05 of 1st period - Shot by Ivan Barbashev.
13:05 of 1st period - Stopped by Igor Shesterkin without a rebound.
13:06 of 1st period - Sebastian Aho wins face-off versus Sidney Crosby in SAN FRANCISCO SPIDERS zone.
13:06 of 1st period - Sebastian Aho is hit by Jake Guentzel.
13:52 of 1st period - Shot by Chris Tanev.
13:52 of 1st period - Shot Misses the Net.
14:06 of 1st period - Shot by John Tavares.
14:06 of 1st period - Stopped by Igor Shesterkin without a rebound.
14:07 of 1st period - John Tavares wins face-off versus Sebastian Aho in SAN FRANCISCO SPIDERS zone.
14:07 of 1st period - Jake Sanderson is hit by Brenden Dillon and loses puck.
14:18 of 1st period - Shot by Jake Sanderson.
14:18 of 1st period - Stopped by Igor Shesterkin without a rebound.
14:19 of 1st period - Sebastian Aho wins face-off versus John Tavares in SAN FRANCISCO SPIDERS zone.
14:25 of 1st period - Icing by Samuel Girard.
14:26 of 1st period - Sebastian Aho wins face-off versus Ryan Strome in SASKATOON DUCKS zone.
14:28 of 1st period - Nick Bjugstad is hit by Jake Sanderson and loses puck.
14:54 of 1st period - Chris Tanev is hit by Dakota Joshua and loses puck.
15:05 of 1st period - Shot by Eeli Tolvanen.
15:05 of 1st period - Stopped by Tristan Jarry with a rebound.
15:07 of 1st period - Shot by Eeli Tolvanen.
15:07 of 1st period - Stopped by Tristan Jarry without a rebound.
15:08 of 1st period - Sidney Crosby wins face-off versus Bo Horvat in SASKATOON DUCKS zone.
15:24 of 1st period - Shot by Jared McCann.
15:24 of 1st period - Goal by Jared McCann - SASKATOON DUCKS : 0 - SAN FRANCISCO SPIDERS : 3.
15:25 of 1st period - Sebastian Aho wins face-off versus John Tavares in neutral zone.
15:29 of 1st period - Andrei Svechnikov is hit by Samuel Girard and loses puck.
15:34 of 1st period - Shot by Brady Tkachuk.
15:34 of 1st period - Stopped by Tristan Jarry without a rebound.
15:35 of 1st period - Ryan Strome wins face-off versus Andrei Svechnikov in SASKATOON DUCKS zone.
17:05 of 1st period - Minor Penalty to Ivan Barbashev for Boarding.
17:06 of 1st period - Bo Horvat wins face-off versus Sidney Crosby in SASKATOON DUCKS zone.
18:49 of 1st period - Icing by Jack Roslovic.
18:50 of 1st period - John Tavares wins face-off versus Jack Roslovic in SAN FRANCISCO SPIDERS zone.
19:40 of 1st period - Shot by Kasperi Kapanen.
19:40 of 1st period - Stopped by Igor Shesterkin with a rebound.
19:44 of 1st period - Shot by Samuel Girard.
19:44 of 1st period - Shot Misses the Net.
Goals for this period are 0 for SASKATOON DUCKS vs 3 for SAN FRANCISCO SPIDERS.
Shots for this period are 11 for SASKATOON DUCKS vs 11 for SAN FRANCISCO SPIDERS.

2nd period


0:01 of 2nd period - Bo Horvat wins face-off versus Sidney Crosby in neutral zone.
0:04 of 2nd period - Jake Guentzel is hit by Jared McCann and loses puck.
0:09 of 2nd period - Shot by Bo Horvat.
0:09 of 2nd period - Stopped by Tristan Jarry with a rebound.
0:31 of 2nd period - Shot by Viktor Arvidsson.
0:31 of 2nd period - Shot Blocked by Chris Tanev.
0:33 of 2nd period - Shot by Viktor Arvidsson.
0:33 of 2nd period - Shot Blocked by Ben Chiarot.
0:35 of 2nd period - Shot by Darnell Nurse.
0:35 of 2nd period - Stopped by Tristan Jarry without a rebound.
0:36 of 2nd period - John Tavares wins face-off versus Sebastian Aho in SASKATOON DUCKS zone.
1:04 of 2nd period - Shot by Ryan Strome.
1:04 of 2nd period - Shot Misses the Net.
1:06 of 2nd period - Shot by Jake Sanderson.
1:06 of 2nd period - Stopped by Igor Shesterkin with a rebound.
1:10 of 2nd period - Shot by John Tavares.
1:10 of 2nd period - Shot Blocked by Michael Anderson.
1:12 of 2nd period - Shot by Kailer Yamamoto.
1:12 of 2nd period - Stopped by Igor Shesterkin without a rebound.
1:13 of 2nd period - Bo Horvat wins face-off versus Sidney Crosby in SAN FRANCISCO SPIDERS zone.
1:13 of 2nd period - Bo Horvat is hit by Ivan Barbashev.
1:34 of 2nd period - Jared McCann is hit by Ben Chiarot and loses puck.
1:47 of 2nd period - Shot by Jake Guentzel.
1:47 of 2nd period - Stopped by Igor Shesterkin with a rebound.
1:49 of 2nd period - Shot by Ivan Barbashev.
1:49 of 2nd period - Shot Blocked by Darnell Nurse.
2:21 of 2nd period - Shot by Nils Aman.
2:21 of 2nd period - Stopped by Igor Shesterkin without a rebound.
2:22 of 2nd period - John Tavares wins face-off versus Sebastian Aho in SAN FRANCISCO SPIDERS zone.
2:35 of 2nd period - Shot by Brady Tkachuk.
2:35 of 2nd period - Stopped by Tristan Jarry without a rebound.
2:36 of 2nd period - Nick Bjugstad wins face-off versus Nils Aman in SASKATOON DUCKS zone.
3:33 of 2nd period - Shot by Ryan Strome.
3:33 of 2nd period - Shot Misses the Net.
4:05 of 2nd period - Shot by John Tavares.
4:05 of 2nd period - Shot Misses the Net.
4:35 of 2nd period - Shot by Sidney Crosby.
4:35 of 2nd period - Shot Misses the Net.
4:56 of 2nd period - Minor Penalty to Ivan Barbashev for Goalie Interference.
4:57 of 2nd period - Nick Bjugstad wins face-off versus Sidney Crosby in SASKATOON DUCKS zone.
5:18 of 2nd period - Shot by Bo Horvat.
5:18 of 2nd period - Shot Blocked by Jaycob Megna.
5:20 of 2nd period - Shot by Nick Bjugstad.
5:20 of 2nd period - Shot Misses the Net.
5:22 of 2nd period - Shot by Darnell Nurse.
5:22 of 2nd period - Shot Misses the Net.
5:24 of 2nd period - Shot by Bo Horvat.
5:24 of 2nd period - Shot Misses the Net.
5:26 of 2nd period - Shot by Brock Faber.
5:26 of 2nd period - Shot Blocked by Jaycob Megna.
7:01 of 2nd period - Jake Sanderson is hit by Dakota Joshua and loses puck.
7:18 of 2nd period - Shot by Dakota Joshua.
7:18 of 2nd period - Deflect By Eeli Tolvanen.
7:18 of 2nd period - Stopped by Tristan Jarry without a rebound.
7:19 of 2nd period - Nick Bjugstad wins face-off versus Sidney Crosby in SASKATOON DUCKS zone.
8:03 of 2nd period - Bo Horvat is hit by Ivan Barbashev and loses puck.
8:26 of 2nd period - Shot by Bo Horvat.
8:26 of 2nd period - Stopped by Tristan Jarry without a rebound.
8:27 of 2nd period - Sebastian Aho wins face-off versus John Tavares in SASKATOON DUCKS zone.
9:02 of 2nd period - Shot by Ryan Strome.
9:02 of 2nd period - Stopped by Igor Shesterkin with a rebound.
9:25 of 2nd period - Icing by Nikita Zaitsev.
9:26 of 2nd period - Bo Horvat wins face-off versus Nils Aman in SASKATOON DUCKS zone.
9:50 of 2nd period - Kasperi Kapanen is hit by Michael Anderson and loses puck.
11:08 of 2nd period - Shot by John Tavares.
11:08 of 2nd period - Shot Misses the Net.
11:16 of 2nd period - Shot by John Tavares.
11:16 of 2nd period - Stopped by Igor Shesterkin without a rebound.
11:17 of 2nd period - Sebastian Aho wins face-off versus John Tavares in SAN FRANCISCO SPIDERS zone.
11:17 of 2nd period - Brady Tkachuk is hit by Kailer Yamamoto and loses puck.
11:22 of 2nd period - Shot by Kailer Yamamoto.
11:22 of 2nd period - Shot Blocked by Darnell Nurse.
11:28 of 2nd period - Shot by John Tavares.
11:28 of 2nd period - Shot Misses the Net.
11:30 of 2nd period - Shot by John Tavares.
11:30 of 2nd period - Shot Misses the Net.
11:32 of 2nd period - Shot by Chris Tanev.
11:32 of 2nd period - Shot Misses the Net.
11:42 of 2nd period - Shot by Chris Tanev.
11:42 of 2nd period - Stopped by Igor Shesterkin without a rebound.
11:43 of 2nd period - Nils Aman wins face-off versus Bo Horvat in SAN FRANCISCO SPIDERS zone.
12:17 of 2nd period - Minor Penalty to Jaycob Megna for Hooking.
12:18 of 2nd period - John Tavares wins face-off versus Bo Horvat in SASKATOON DUCKS zone.
12:18 of 2nd period - John Tavares is hit by Brady Tkachuk.
13:32 of 2nd period - Off-side.
13:33 of 2nd period - Bo Horvat wins face-off versus Sidney Crosby in neutral zone.
13:46 of 2nd period - Shot by Brady Tkachuk.
13:46 of 2nd period - Shot Blocked by Nikita Zaitsev.
13:48 of 2nd period - Shot by Darnell Nurse.
13:48 of 2nd period - Shot Blocked by Ben Chiarot.
13:50 of 2nd period - Shot by Darnell Nurse.
13:50 of 2nd period - Stopped by Tristan Jarry without a rebound.
13:51 of 2nd period - Bo Horvat wins face-off versus John Tavares in SASKATOON DUCKS zone.
13:58 of 2nd period - Shot by Jared McCann.
13:58 of 2nd period - Deflect By Nick Bjugstad.
13:58 of 2nd period - Stopped by Tristan Jarry with a rebound.
14:00 of 2nd period - Shot by Michael Anderson.
14:00 of 2nd period - Shot Misses the Net.
14:02 of 2nd period - Shot by Nick Bjugstad.
14:02 of 2nd period - Stopped by Tristan Jarry without a rebound.
14:03 of 2nd period - Bo Horvat wins face-off versus John Tavares in SASKATOON DUCKS zone.
14:29 of 2nd period - Minor Penalty to Jacob Middleton for Roughing.
14:30 of 2nd period - Bo Horvat wins face-off versus Kailer Yamamoto in SAN FRANCISCO SPIDERS zone.
14:53 of 2nd period - Shot by Jake Guentzel.
14:53 of 2nd period - Stopped by Igor Shesterkin without a rebound.
14:54 of 2nd period - Ryan Strome wins face-off versus Sebastian Aho in SAN FRANCISCO SPIDERS zone.
15:29 of 2nd period - Shot by John Tavares.
15:29 of 2nd period - Shot Misses the Net.
15:31 of 2nd period - Shot by Ben Chiarot.
15:31 of 2nd period - Shot Blocked by Brenden Dillon.
16:09 of 2nd period - Jake Sanderson is hit by Nick Bjugstad and loses puck.
16:16 of 2nd period - Shot by Samuel Girard.
16:16 of 2nd period - Stopped by Igor Shesterkin without a rebound.
16:17 of 2nd period - Sidney Crosby wins face-off versus Sebastian Aho in SAN FRANCISCO SPIDERS zone.
16:38 of 2nd period - Shot by Nils Aman.
16:38 of 2nd period - Shot Misses the Net.
16:40 of 2nd period - Shot by Nikita Zaitsev.
16:40 of 2nd period - Shot Blocked by Jacob Middleton.
17:21 of 2nd period - Icing by Kailer Yamamoto.
17:22 of 2nd period - Sebastian Aho wins face-off versus John Tavares in SASKATOON DUCKS zone.
17:23 of 2nd period - Shot by Brady Tkachuk.
17:23 of 2nd period - Stopped by Tristan Jarry with a rebound.
17:25 of 2nd period - Shot by Darnell Nurse.
17:25 of 2nd period - Stopped by Tristan Jarry without a rebound.
17:26 of 2nd period - Sidney Crosby wins face-off versus Bo Horvat in SASKATOON DUCKS zone.
18:23 of 2nd period - Icing by Samuel Girard.
18:24 of 2nd period - Sidney Crosby wins face-off versus Andrei Svechnikov in SASKATOON DUCKS zone.
18:28 of 2nd period - Jake Sanderson is hit by Brady Tkachuk and loses puck.
18:40 of 2nd period - Off-side.
18:41 of 2nd period - John Tavares wins face-off versus Nick Bjugstad in neutral zone.
19:08 of 2nd period - Minor Penalty to Ryan Strome for Roughing.
19:09 of 2nd period - Bo Horvat wins face-off versus John Tavares in SASKATOON DUCKS zone.
19:17 of 2nd period - Icing by Darnell Nurse.
19:18 of 2nd period - John Tavares wins face-off versus Bo Horvat in SAN FRANCISCO SPIDERS zone.
19:47 of 2nd period - Shot by Bo Horvat.
19:47 of 2nd period - Shot Blocked by Jake Guentzel.
19:56 of 2nd period - Shot by Brock Faber.
19:56 of 2nd period - Shot Misses the Net.
19:58 of 2nd period - Shot by Darnell Nurse.
19:58 of 2nd period - Shot Blocked by Chris Tanev.
Goals for this period are 0 for SASKATOON DUCKS vs 0 for SAN FRANCISCO SPIDERS.
Shots for this period are 9 for SASKATOON DUCKS vs 10 for SAN FRANCISCO SPIDERS.

3rd period


0:01 of 3rd period - John Tavares wins face-off versus Bo Horvat in neutral zone.
0:07 of 3rd period - Icing by Brock Faber.
0:08 of 3rd period - John Tavares wins face-off versus Bo Horvat in SAN FRANCISCO SPIDERS zone.
0:39 of 3rd period - Shot by Viktor Arvidsson.
0:39 of 3rd period - Deflect By Brady Tkachuk.
0:39 of 3rd period - Shot Misses the Net.
0:41 of 3rd period - Shot by Brock Faber.
0:41 of 3rd period - Shot Misses the Net.
0:43 of 3rd period - Shot by Darnell Nurse.
0:43 of 3rd period - Shot Blocked by Nikita Zaitsev.
0:45 of 3rd period - Shot by Viktor Arvidsson.
0:45 of 3rd period - Stopped by Tristan Jarry without a rebound.
0:46 of 3rd period - Bo Horvat wins face-off versus John Tavares in SASKATOON DUCKS zone.
0:47 of 3rd period - Shot by Nick Bjugstad.
0:47 of 3rd period - Shot Misses the Net.
0:52 of 3rd period - Shot by Bo Horvat.
0:52 of 3rd period - Stopped by Tristan Jarry without a rebound.
0:53 of 3rd period - John Tavares wins face-off versus Bo Horvat in SASKATOON DUCKS zone.
1:12 of 3rd period - Shot by Ryan Strome.
1:12 of 3rd period - Stopped by Igor Shesterkin without a rebound.
1:13 of 3rd period - John Tavares wins face-off versus Brady Tkachuk in SAN FRANCISCO SPIDERS zone.
1:16 of 3rd period - Shot by Kailer Yamamoto.
1:16 of 3rd period - Shot Hit the Post.
1:43 of 3rd period - Chris Tanev is hit by Brady Tkachuk and loses puck.
2:22 of 3rd period - Jared McCann is hit by Sidney Crosby and loses puck.
2:37 of 3rd period - Shot by Sidney Crosby.
2:37 of 3rd period - Stopped by Igor Shesterkin without a rebound.
2:38 of 3rd period - Nick Bjugstad wins face-off versus Nils Aman in SAN FRANCISCO SPIDERS zone.
3:10 of 3rd period - Shot by Ondrej Palat.
3:10 of 3rd period - Shot Misses the Net.
3:12 of 3rd period - Shot by Nick Bjugstad.
3:12 of 3rd period - Shot Misses the Net.
3:47 of 3rd period - Bo Horvat is hit by Nikita Zaitsev.
4:13 of 3rd period - Shot by Jared McCann.
4:13 of 3rd period - Stopped by Tristan Jarry with a rebound.
5:02 of 3rd period - Shot by Brady Tkachuk.
5:02 of 3rd period - Deflect By Sebastian Aho.
5:02 of 3rd period - Stopped by Tristan Jarry without a rebound.
5:03 of 3rd period - Nick Bjugstad wins face-off versus John Tavares in SASKATOON DUCKS zone.
5:12 of 3rd period - Shot by John Tavares.
5:12 of 3rd period - Shot Blocked by Nick Bjugstad.
5:24 of 3rd period - Ondrej Palat is hit by Kailer Yamamoto and loses puck.
5:35 of 3rd period - Shot by John Tavares.
5:35 of 3rd period - Shot Misses the Net.
6:18 of 3rd period - Shot by Jared McCann.
6:18 of 3rd period - Goal by Jared McCann - SASKATOON DUCKS : 0 - SAN FRANCISCO SPIDERS : 4.
6:18 of 3rd period - Craig Anderson enters game.
6:19 of 3rd period - Sebastian Aho wins face-off versus Sidney Crosby in neutral zone.
6:26 of 3rd period - Shot by Sebastian Aho.
6:26 of 3rd period - Shot Blocked by Chris Tanev.
6:33 of 3rd period - Brady Tkachuk is hit by Ben Chiarot and loses puck.
6:42 of 3rd period - Shot by Jake Guentzel.
6:42 of 3rd period - Shot Misses the Net.
6:44 of 3rd period - Shot by Chris Tanev.
6:44 of 3rd period - Stopped by Igor Shesterkin without a rebound.
6:45 of 3rd period - Bo Horvat wins face-off versus John Tavares in SAN FRANCISCO SPIDERS zone.
6:56 of 3rd period - Shot by Bo Horvat.
6:56 of 3rd period - Stopped by Craig Anderson without a rebound.
6:57 of 3rd period - Brady Tkachuk wins face-off versus Ryan Strome in SASKATOON DUCKS zone.
7:05 of 3rd period - Minor Penalty to Samuel Girard for Slashing.
7:06 of 3rd period - John Tavares wins face-off versus Bo Horvat in SASKATOON DUCKS zone.
8:20 of 3rd period - Icing by Brenden Dillon.
8:21 of 3rd period - Jack Roslovic wins face-off versus John Tavares in SAN FRANCISCO SPIDERS zone.
8:56 of 3rd period - Shot by Jared McCann.
8:56 of 3rd period - Shot Misses the Net.
9:29 of 3rd period - Shot by Ryan Strome.
9:29 of 3rd period - Shot Misses the Net.
10:57 of 3rd period - Icing by Sebastian Aho.
10:58 of 3rd period - Sidney Crosby wins face-off versus Sebastian Aho in SAN FRANCISCO SPIDERS zone.
11:02 of 3rd period - Minor Penalty to Darnell Nurse for Roughing.
11:03 of 3rd period - Ryan Strome wins face-off versus Bo Horvat in SAN FRANCISCO SPIDERS zone.
12:07 of 3rd period - Shot by Sidney Crosby.
12:07 of 3rd period - Shot Misses the Net.
13:32 of 3rd period - Shot by Dakota Joshua.
13:32 of 3rd period - Shot Blocked by Jaycob Megna.
13:34 of 3rd period - Shot by Sam Lafferty.
13:34 of 3rd period - Stopped by Craig Anderson without a rebound.
13:35 of 3rd period - Sidney Crosby wins face-off versus Sebastian Aho in SASKATOON DUCKS zone.
13:52 of 3rd period - Shot by Sebastian Aho.
13:52 of 3rd period - Shot Misses the Net.
14:10 of 3rd period - Shot by Brady Tkachuk.
14:10 of 3rd period - Shot Hit the Post.
14:12 of 3rd period - Shot by Erik Gudbranson.
14:12 of 3rd period - Stopped by Craig Anderson without a rebound.
14:13 of 3rd period - John Tavares wins face-off versus Bo Horvat in SASKATOON DUCKS zone.
14:18 of 3rd period - Off-side.
14:19 of 3rd period - Bo Horvat wins face-off versus John Tavares in neutral zone.
14:22 of 3rd period - Shot by Jared McCann.
14:22 of 3rd period - Shot Blocked by Samuel Girard.
14:58 of 3rd period - Shot by John Tavares.
14:58 of 3rd period - Shot Misses the Net.
15:01 of 3rd period - Icing by Viktor Arvidsson.
15:02 of 3rd period - Bo Horvat wins face-off versus Jake Guentzel in SAN FRANCISCO SPIDERS zone.
15:14 of 3rd period - Icing by Brenden Dillon.
15:15 of 3rd period - Bo Horvat wins face-off versus Nils Aman in SAN FRANCISCO SPIDERS zone.
16:31 of 3rd period - Icing by Jake Sanderson.
16:32 of 3rd period - Sidney Crosby wins face-off versus Nick Bjugstad in SASKATOON DUCKS zone.
16:41 of 3rd period - Shot by Sidney Crosby.
16:41 of 3rd period - Shot Misses the Net.
16:43 of 3rd period - Shot by Jake Guentzel.
16:43 of 3rd period - Stopped by Igor Shesterkin without a rebound.
16:44 of 3rd period - John Tavares wins face-off versus Sebastian Aho in SAN FRANCISCO SPIDERS zone.
17:01 of 3rd period - Shot by Sebastian Aho.
17:01 of 3rd period - Shot Misses the Net.
17:16 of 3rd period - Icing by John Tavares.
17:17 of 3rd period - John Tavares wins face-off versus Ondrej Palat in SASKATOON DUCKS zone.
17:17 of 3rd period - John Tavares is hit by Nick Bjugstad.
17:23 of 3rd period - Shot by Ryan Strome.
17:23 of 3rd period - Shot Misses the Net.
17:25 of 3rd period - Shot by Nikita Zaitsev.
17:25 of 3rd period - Shot Blocked by Jacob Middleton.
17:31 of 3rd period - Shot by Ryan Strome.
17:31 of 3rd period - Shot Misses the Net.
17:45 of 3rd period - Icing by Jacob Middleton.
17:46 of 3rd period - Sidney Crosby wins face-off versus Nick Bjugstad in SAN FRANCISCO SPIDERS zone.
19:39 of 3rd period - Shot by Darnell Nurse.
19:39 of 3rd period - Shot Misses the Net.
19:41 of 3rd period - Shot by Darnell Nurse.
19:41 of 3rd period - Shot Misses the Net.
19:43 of 3rd period - Shot by Darnell Nurse.
19:43 of 3rd period - Stopped by Craig Anderson without a rebound.
19:44 of 3rd period - Sebastian Aho wins face-off versus Sidney Crosby in SASKATOON DUCKS zone.
Goals for this period are 0 for SASKATOON DUCKS vs 1 for SAN FRANCISCO SPIDERS.
Shots for this period are 4 for SASKATOON DUCKS vs 9 for SAN FRANCISCO SPIDERS.


BRAD
MARCHAND
ANZE
KOPITAR
JAMIE
BENN

EAST COAST

HOCKEY LEAGUE

  • 69.QUE5CHW3
  • 70.CHA3TRV4
  • 71.PITRHI
  • 72.ATLWOR